 Dungeon Crawl Stone Soup version 0.28.0 (webtiles) character file.

Game seed: 4324214114940610623

49 HallandMoats the Skirmisher (level 3, -2/29 HPs)
             Began as a Demonspawn Monk on Feb 6, 2022.
             Was a Plaything of Xom.
             Slain by a white imp (5 damage)
             ... summoned by Xom
             ... on level 2 of the Dungeon.
             The game lasted 00:01:47 (1334 turns).

HallandMoats the Skirmisher (Demonspawn Monk)       Turns: 1334, Time: 00:01:48

Health: -2/29      AC:  9    Str: 16    XL:     3   Next: 51%
Magic:  4/4        EV: 10    Int: 11    God:    Xom [*.....]
Gold:   36         SH:  0    Dex: 17    Spells: 2/2 levels left

rFire   . . .      SeeInvis .     - Unarmed
rCold   . . .      Faith    .   (no shield)
rNeg    . . .      Spirit   .   a - +3 scale mail "Cazuegg" {Will++ Str+3}
rPois   .          Reflect  .   (no helmet)
rElec   .          Harm     .   (no cloak)
rCorr   .          Rampage  .   (no gloves)
Will    ++...                   (no boots)
Stlth   ++........              (no amulet)
HPRegen 0.09/turn               (no ring)
MPRegen 0.09/turn               (no ring)

@: no status effects
A: thin skeletal structure 1, powered by pain 1
a: Renounce Religion


You were on level 2 of the Dungeon.
You worshipped Xom.
You were a special plaything of Xom.
You visited 1 branch of the dungeon, and saw 2 of its levels.

You collected 36 gold pieces.

Inventory:

Missiles
 f - 3 throwing nets (quivered)
Armour
 a - the +3 scale mail "Cazuegg" (worn) {Will++ Str+3}
   (Xom gifted it to you on level 2 of the Dungeon)

   Str:       It affects your strength (+3).
   Will:      It greatly increases your willpower.
Scrolls
 c - 2 scrolls of amnesia {unknown}
 d - 2 scrolls of magic mapping {unknown}
 e - 2 scrolls of enchant armour {unknown}
Potions
 b - a potion of lignification {unknown}


   Skills:
 * Level 3.4 Fighting
 + Level 0.7 Armour
 + Level 2.8 Dodging
 * Level 2.2 Stealth
 * Level 3.1 Unarmed Combat
 + Level 1.5 Invocations


You had 2 spell levels left.
You didn't know any spells.
Your spell library contained the following spells:

 Spells                   Type           Power      Damage    Failure   Level
 Ozocubu's Armour         Ice            0%         N/A       99%         3
 Ozocubu's Refrigeration  Ice            0%         4d5       100%        7


Dungeon Overview and Level Annotations

Branches:
Dungeon (2/15)

Altars:
Xom


Innate Abilities, Weirdness & Mutations

You have a somewhat thin skeletal structure. (Dex +2, Stealth+)
You sometimes gain a little power by taking damage.


Message History

You completely miss the white imp. Your punch misses the white imp.
The white imp is moderately wounded.
The jackal closely misses you. The white imp barely misses you.
The jackal closely misses you.
You hit the white imp.
The white imp is heavily wounded.
The jackal bites you but does no damage.
The white imp gestures at you. The puff of frost hits you!
* * * LOW HITPOINT WARNING * * *
You are too injured to fight recklessly!
You are too injured to fight recklessly!
You are too injured to fight recklessly!
You are too injured to fight recklessly!
You are too injured to fight recklessly!
You are too injured to fight recklessly!
You are too injured to fight recklessly!
You are too injured to fight recklessly!
You are too injured to fight recklessly!
You are too injured to fight recklessly!
You are too injured to fight recklessly!
You are too injured to fight recklessly!
You are too injured to fight recklessly!
You are too injured to fight recklessly!
You are too injured to fight recklessly!
You are too injured to fight recklessly!
You are too injured to fight recklessly!
You are too injured to fight recklessly!
You are too injured to fight recklessly!
You are too injured to fight recklessly!
You are too injured to fight recklessly!
You are too injured to fight recklessly!
You hit the white imp.
The white imp is severely wounded.
The jackal bites you but does no damage.
The white imp hits you.
* * * LOW HITPOINT WARNING * * *
The white imp freezes you.
You die...
Xom yawns loudly!

#.# #.# #####.#####
#.........#
#.........#
#.........#
#.....h)..# #@######
####5.....#
..........#.######
..$.......#.#†...#
.........?#.#[##.#
..........#.#<.#.#
..........#)#..#.#
..?.......#.#..#.####
..........#.####....#


You could see a white imp (summoned) and a jackal.

Vanquished Creatures
  A dart slug (D:1)
  6 endoplasms (D:1)
  A giant cockroach (D:1)
  3 goblins (D:1)
  8 jackals
  A kobold (D:2)
  3 quokkas (D:1)
  4 ball pythons (D:1)
  8 bats
  2 frilled lizards (D:1)
  3 rats
40 creatures vanquished.

Notes
Turn   | Place    | Note
-------+----------+-------------------------------------------
     0 | D:1      | HallandMoats the Demonspawn Monk began the quest for the
                  | Orb.
     0 | D:1      | Reached XP level 1. HP: 18/18 MP: 1/1
   274 | D:1      | Reached skill level 1 in Invocations
   274 | D:1      | Gained mutation: You have a somewhat thin skeletal
                  | structure. (Dex +2, Stealth+) [demonic ancestry]
   274 | D:1      | Reached XP level 2. HP: 21/24 MP: 2/2
   726 | D:1      | Found a faded altar of an unknown god.
   821 | D:1      | Prayed at the altar of an unknown god.
   821 | D:1      | Became a worshipper of Xom of Chaos
   921 | D:1      | Gained mutation: You sometimes gain a little power by
                  | taking damage. [demonic ancestry]
   921 | D:1      | Reached XP level 3. HP: 28/29 MP: 4/4
  1119 | D:1      | XOM: silly message
  1176 | D:1      | XOM: silly message
  1253 | D:2      | XOM: god gift: dazzling scale mail {god gift}
  1253 | D:2      | Identified the +3 scale mail "Cazuegg" {Will++ Str+3} (Xom
                  | gifted it to you on level 2 of the Dungeon)
  1317 | D:2      | XOM: summons 2 hostile demons
  1334 | D:2      | Slain by a white imp

Illustrated notes

Levels and vault maps discovered:
D:1:      shiori_arrival_maze, layout_loops_ring,
          shapermc_ecumenical_altar_notcrosses, chequers_avenue
D:2:      layout_basic

Skill      XL: |  1  2  3 |
---------------+----------+-----
Invocations    | 1 |  1.5
Unarmed Combat | 3 |  3.1
Stealth        | 2 |  2.2
Fighting       | |  3.4
Armour         | |  0.7
Dodging        | |  2.8

Action                   || total
-------------------------++-------
Melee: Unarmed           ||   131
       Punch             ||     4
 Stab: Sleeping          ||    12
Armor: Robe              ||    16
       Scale mail        ||    34
       Ring mail         ||     5
Dodge: Dodged            ||    86
